 Dungeon Crawl Stone Soup version 0.30-a0-1124-g6e8f0f562f (webtiles) character file.

Game seed: 17887225184507227171

35 Zeldest the Magician (level 3, 0/31 HPs)
             Began as a Troll Hedge Wizard on Apr 23, 2023.
             Succumbed to Sigmund's poison
             ... on level 2 of the Dungeon.
             The game lasted 00:01:31 (657 turns).

Zeldest the Magician (Troll Hedge Wizard)            Turns: 657, Time: 00:01:32

Health: 0/31       AC:  4    Str: 18    XL:     3   Next: 16%
Magic:  5/5        EV:  9    Int: 12    God:
Gold:   71         SH:  0    Dex:  9    Spells: 5/6 levels left

rFire   . . .        (no weapon)
rCold   . . .        (no shield)
rNeg    . . .        b - +0 robe
rPois   .            c - +0 hat
rElec   .            (no cloak)
rCorr   .            (gloves unavailable)
SInv    .            (boots unavailable)
Will    .....        (no amulet)
Stlth   +            (no ring)
HPRegen 1.05/turn    (no ring)
MPRegen 0.09/turn

%: no passive effects
@: lethally poisoned (0 -> -12)
A: large, unfitting armour, claws 3, regeneration 1, shaggy fur 1, tough skin 1
a: no special abilities


You were on level 2 of the Dungeon.
You visited 1 branch of the dungeon, and saw 2 of its levels.

You collected 71 gold pieces.

Inventory:

Armour
 b - a +0 robe (worn)
 c - a +0 hat (worn)
Scrolls
 a - 3 scrolls of magic mapping {unknown}
 f - a scroll of amnesia {unknown}
 i - a scroll of vulnerability {unknown}
 j - a scroll of identify {unknown}
Potions
 d - a potion of magic
 e - a potion of ambrosia {unknown}
 g - a potion of cancellation {unknown}
 h - a potion of brilliance {unknown}


   Skills:
 + Level 1.7 Maces & Flails
 - Level 1.5 Dodging
 - Level 1.0 Stealth
 - Level 2.0 Spellcasting
 - Level 0.6 Conjurations
 - Level 0.6 Summonings
 + Level 1.6 Translocations


You had 5 spell levels left.
You knew the following spells:

 Your Spells              Type           Power      Damage    Failure   Level
a - Magic Dart            Conj           8%         1d3       22%         1

Your spell library contained the following spells:

 Spells                   Type           Power      Damage    Failure   Level
 Blink                    Tloc           10%        N/A       22%         2
 Slow                     Hex            4%         N/A       26%         1
 Call Imp                 Summ           4%         N/A       32%         2
 Cigotuvi's Dreadful Rot  Necr/Pois/Air  2%         N/A       38%         2
 Mephitic Cloud           Conj/Pois/Air  1%         N/A       58%         3


Dungeon Overview and Level Annotations

Branches:
Dungeon (2/15) Zot: 11343

Altars:

Annotations:
D:2 Sigmund


Innate Abilities, Weirdness & Mutations

You are too large for most types of armour.
You have claws for hands.
Your natural rate of healing is unusually fast.
You are covered in fur. (AC +1)
You have tough skin. (AC +1)


Message History

There is a stone staircase leading up here.
Found a stone staircase leading down.
No target in view!
Found a short sword.
No target in view!
A goblin comes into view. It is wielding a +0 dagger.
The goblin shouts!
The goblin throws a stone.
The stone hits you but does no damage.
A goblin is nearby!
Found a scroll labelled RUNOECRUANE.
The goblin throws a stone.
The stone hits you but does no damage.
A goblin is nearby!
The goblin hits you but does no damage.
You barely miss the goblin. The goblin barely misses you.
You scratch the goblin.
You kill the goblin!
j - a scroll labelled RUNOECRUANE No target in view!
No target in view!
Sigmund the Dreaded comes into view.
He is wielding a +4 scythe of venom.
Sigmund shouts!
Sigmund's eyes start glowing with a red light.
Sigmund is nearby!
Sigmund gestures at you while chanting. The magic dart hits you!
Sigmund is nearby!
Sigmund hits you with a +4 scythe of venom.
You are poisoned.
Sigmund is nearby!
You are too injured to fight recklessly!
You are too injured to fight recklessly!
You are too injured to fight recklessly!
You scratch Sigmund but do no damage.
You feel very sick.
You barely miss Sigmund.
You feel sick.
Sigmund hits you with a +4 scythe of venom!
* * * LOW HITPOINT WARNING * * *
You are lethally poisoned!
You barely miss Sigmund.
You die...

### #.. #.# #.# #.
#.# #. #.# #.# #..
#.# #@#
.##..###.### #@#
............## #.#
.............###.#
...........).....#
.............#####
...>.........#
.........#.#.#
.........#.#.#
.........#.#.#


You could see Sigmund.

Vanquished Creatures
  A dart slug (D:1)
  4 ball pythons (D:1)
  2 bats (D:1)
  2 endoplasms (D:1)
  3 giant cockroaches (D:1)
  2 goblins
  2 hobgoblins (D:1)
  2 jackals (D:1)
  4 kobolds (D:1)
  A quokka (D:1)
  A frilled lizard (D:1)
  4 rats (D:1)
28 creatures vanquished.

Notes
Turn   | Place    | Note
-------+----------+-------------------------------------------
     0 | D:1      | Zeldest the Troll Hedge Wizard began the quest for the Orb.
     0 | D:1      | Reached XP level 1. HP: 16/16 MP: 2/2
    87 | D:1      | Reached skill level 1 in Translocations
   116 | D:1      | Reached skill level 1 in Maces & Flails
   116 | D:1      | Reached XP level 2. HP: 24/24 MP: 4/4
   300 | D:1      | Reached XP level 3. HP: 31/31 MP: 5/5
   651 | D:2      | Noticed Sigmund
   657 | D:2      | Succumbed to Sigmund's poison

Illustrated notes

Levels and vault maps discovered:
D:1:      roderic_chinese_lattice_arrival, layout_basic
D:2:      layout_loops_ring, lexackson_kobold_supper, uniq_sigmund

Skill      XL: |  1 |
---------------+----+-----
Translocations | 1 |  1.6
Maces & Flails | 1 |  1.7
Dodging        | |  1.5
Stealth        | |  1.0
Spellcasting   | |  2.0
Conjurations   | |  0.6
Summonings     | |  0.6

Action                     || total
---------------------------++-------
  Melee: Unarmed           ||   103
         Punch             ||     1
   Stab: Sleeping          ||     2
 Armour: Robe              ||    55
  Dodge: Dodged            ||    61

Table legend: (Time is in decaauts)
 A = Elapsed time spent in this place.
 B = Non-inter-level travel time spent in this place.
 C = Inter-level travel time spent in this place.
 D = Time resting spent in this place.
 E = Time spent auto-exploring this place.
 F = Levels seen in this place.
 G = Mean time per level.
                   A        B        C        D        E       F      G
               +--------+--------+--------+--------+--------+-----+--------+
         Total |    656 |    628 |     28 |      0 |    405 |   2 |  328.0 |
       Dungeon |    656 |    628 |     28 |      0 |    405 |   2 |  328.0 |
               +--------+--------+--------+--------+--------+-----+--------+

Top non-repeatable levels by time:
     D:1: 633 daAuts
     D:2: 23 daAuts
